 Dungeon Crawl Stone Soup version 0.31.0-12-g77e489cdc1 (webtiles) character file.

Game seed: 6371987933731485843

7438 spaghetti the Fighter (level 11, 0/108 HPs)
             Began as a Naga Ice Elementalist on Mar 2, 2024.
             Was a High Priest of Okawaru.
             Slain by a two-headed ogre
             ... wielding a +0 giant club
              (18 damage)
             ... on level 10 of the Dungeon on Mar 3, 2024.
             The game lasted 00:16:06 (11939 turns).

spaghetti the Fighter (Naga Ice Elementalist)      Turns: 11939, Time: 00:16:07

Health: 0/108      AC: 23    Str: 16    XL:     11   Next: 15%
Magic:  13/21      EV: 16    Int: 15    God:    Okawaru [*****.]
Gold:   1525       SH:  0    Dex: 11    Spells: 15/24 levels left

rFire   . . .        b - +4 quarterstaff (chaos)
rCold   . . .        (shield currently unavailable)
rNeg    . . .        a - +0 robe
rPois   +            (no helmet)
rElec   .            f - +1 cloak
rCorr   .            (no gloves)
SInv    +            t - +2 barding {Fly}
Will    ++...        q - amulet of faith
Stlth   ++++         d - +5 ring of evasion
HPRegen 0.38/turn    i - ring of willpower
MPRegen 0.17/turn

%: faith
@: ice-armoured, heroic, flying, very slow
A: AC +3, large, see invisible, deformed body, poison resistance, slowness 2,
spit poison 1, naga tail 1
a: Spit Poison, Renounce Religion, Heroism, Finesse, Duel


You were on level 10 of the Dungeon.
You worshipped Okawaru.
Okawaru was extremely pleased with you.
You visited 1 branch of the dungeon, and saw 10 of its levels.

You collected 1525 gold pieces.

Inventory:

Hand Weapons
 b - a +4 quarterstaff of chaos (weapon)
Armour
 a - a +0 robe (worn)
 c - a +0 tower shield
 f - a +1 cloak (worn)
 m - a +2 hat
 t - a +2 barding of flying (worn)
Jewellery
 d - a +5 ring of evasion (left hand)
 i - a ring of willpower (right hand)
 k - a ring of protection from fire
 n - a ring of willpower
 q - an amulet of faith (around neck)
 s - a ring of ice
Wands
 e - a wand of roots (7)
 u - a wand of polymorph (5)
 x - a wand of paralysis (6)
 y - a wand of mindburst (4)
Scrolls
 h - 2 scrolls of teleportation
 l - a scroll of enchant armour
 o - a scroll of identify
 r - 2 scrolls of amnesia
Potions
 j - 3 potions of degeneration
 p - a potion of enlightenment
 v - a potion of brilliance
Miscellaneous
 w - a phial of floods (inert)


   Skills:
 + Level 10.0(15.0) Fighting
 + Level 5.5(10.5) Armour
 + Level 5.8(10.8) Dodging
 - Level 3.0(8.0) Stealth
 - Level 7.0 Spellcasting
 - Level 7.5 Ice Magic


You had 15 spell levels left.
You knew the following spells:

 Your Spells              Type           Power      Damage    Failure   Level
a - Freeze                Ice            100%       1d10      1%          1
b - Ozocubu's Armour      Ice            27%        N/A       1%          3
c - Frozen Ramparts       Ice            54%        1d9       1%          3
d - Blink                 Tloc           10%        N/A       21%         2

Your spell library contained the following spells:

 Spells                   Type           Power      Damage    Failure   Level
 Ensorcelled Hibernation  Hex/Ice        32%        N/A       4%          2
 Slow                     Hex            20%        N/A       13%         1
 Lesser Beckoning         Tloc           10%        N/A       21%         2
 Momentum Strike          Conj/Tloc      10%        3d8       21%         2
 Confusing Touch          Hex            5%         N/A       36%         3
 Fugue of the Fallen      Necr           5%         N/A       36%         3
 Sigil of Binding         Hex            5%         N/A       36%         3
 Vampiric Draining        Necr           5%         2d6       36%         3
 Anguish                  Hex/Necr       2%         N/A       78%         4
 Dimensional Bullseye     Hex/Tloc       2%         N/A       78%         4
 Iskenderun's Mystic Bla  Conj/Tloc      5%         2d3       78%         4
 Summon Ice Beast         Ice/Summ       Unusable   N/A       N/A         3
 Tukima's Dance           Hex            Unusable   N/A       N/A         3

Dungeon Overview and Level Annotations

Branches:
Dungeon (10/15)            Temple (0/1) D:6
   Lair: D:8-11         Orc: D:9-12

Altars:
Gozag
Hepliaklqana
Nemelex Xobeh
Okawaru
Ru
Sif Muna
Trog
Uskayaw
Xom
Yredelemnul
The Shining One

Shops:
D:8 (

Annotations:
D:7 1 exclusion
D:8 1 transporter
D:9 1 runed translucent door, lordive's ghost, journeyman OpSh


Innate Abilities, Weirdness & Mutations

Your serpentine skin is tough. (AC +3)
You have supernaturally acute eyesight. (SInv)
Armour fits poorly on your strangely shaped body.
Your system is resistant to poisons. (rPois)
You cover ground very slowly.
You can spit poison.
You have a snake-like lower body.


Message History

The two-headed ogre hits you with a +0 giant club!!
The two-headed ogre closely misses you.
Casting: Frozen Ramparts (safe; 1% risk of failure)
Confirm with . or Enter, or press ? or * to list all spells.
A film of ice covers your body!
Unknown command.
You hit the two-headed ogre.
The two-headed ogre is lightly wounded.
The wall freezes the two-headed ogre.
The two-headed ogre hits you with a +0 giant club!!
* * * LOW HITPOINT WARNING * * *
The two-headed ogre completely misses you.
Unknown command.
Unknown command.
You hit the two-headed ogre. You freeze the two-headed ogre.
The two-headed ogre is moderately wounded.
The wall freezes the two-headed ogre!
The two-headed ogre hits you with a +0 giant club.
* * * LOW HITPOINT WARNING * * *
The two-headed ogre barely misses you.
You gain the combat prowess of a mighty hero.
The frozen ramparts melt away.
The two-headed ogre hits you with a +0 giant club.
* * * LOW HITPOINT WARNING * * *
The two-headed ogre hits you but does no damage.
You thump the two-headed ogre! You freeze the two-headed ogre.
The two-headed ogre is severely wounded.
You hit the two-headed ogre.
The two-headed ogre appears confused.
The two-headed ogre is severely wounded.
The two-headed ogre misses you. The two-headed ogre closely misses you.
Unknown command.
You barely miss the two-headed ogre.
The two-headed ogre is severely wounded.
The two-headed ogre closely misses you. The two-headed ogre misses you.
You sock the two-headed ogre!
The two-headed ogre falls asleep!
The two-headed ogre shouts in stereo!
The two-headed ogre is almost dead.
You hear a bellow!
The two-headed ogre hits you with a +0 giant club!!
You die...

#....# #..#.#
#..#.# ##..#.#
###...#.#######
#...........Y.#
###<###.......#
#####)......#
#@O.........#
#†###.......#
#.# #.......#
#....⌠....Y..
..#.......Y..
#.#.⌠...⌠.####
#. ....?..# #[
...<...# #. ..
....


You could see a two-headed ogre (confused).

Vanquished Creatures
  Jeremiah (D:8)
  A hornet (D:9)
  A shadow (D:8)
  A wraith (D:10)
  21 yaks
  A steam dragon (D:7)
  3 ice beasts
  2 orc warriors
  2 sky beasts
  A black bear (D:5)
  An ogre (D:5)
  4 centaurs
  2 phantoms
  2 kobold brigands
  A brain worm (D:5)
  6 scorpions
  4 bullfrogs
  A ballistomycete (D:6)
  10 killer bees
  A howler monkey (D:8)
  A bombardier beetle (D:5)
  2 hounds
  Crazy Yiuf (D:2)
  4 jellies
  A gnoll bouda (D:4)
  7 orc priests
  3 iguanas
  8 orc wizards
  8 gnolls
  13 adders
  A white imp (D:6)
  2 ufetubi (D:5)
  4 dart slugs
  2 ribbon worms
  34 orcs
  8 ball pythons
  7 endoplasms
  5 giant cockroaches
  10 goblins
  8 hobgoblins
  9 jackals
  18 kobolds
  2 quokkas
  5 bats
  2 frilled lizards (D:1)
  4 rats
235 creatures vanquished.

Vanquished Creatures (others)
  2 orcs (D:7)
2 creatures vanquished.

Grand Total: 237 creatures vanquished

Notes
Turn   | Place    | Note
-------+----------+-------------------------------------------
     0 | D:1      | spaghetti the Naga Ice Elementalist began the quest for the
                  | Orb.
     0 | D:1      | Reached XP level 1. HP: 15/15 MP: 3/3
   277 | D:1      | Reached XP level 2. HP: 18/24 MP: 0/5
   425 | D:1      | Found a faded altar of an unknown god.
   438 | D:1      | Prayed at the altar of an unknown god.
   438 | D:1      | Became a worshipper of Warmaster Okawaru
   438 | D:1      | Reached * piety under Okawaru
   993 | D:1      | Reached skill level 1 in Fighting
  1137 | D:1      | Reached XP level 3. HP: 29/31 MP: 6/6
  1759 | D:2      | Reached XP level 4. HP: 38/38 MP: 7/7
  2257 | D:2      | Reached skill level 5 in Ice Magic
  2408 | D:2      | Found a runed translucent door.
  2409 | D:2      | Noticed Crazy Yiuf
  2416 | D:2      | Killed Crazy Yiuf
  2538 | D:3      | Reached skill level 2 in Fighting
  2539 | D:3      | Reached XP level 5. HP: 45/45 MP: 9/9
  2720 | D:3      | Found a basalt altar of Yredelemnul.
  2720 | D:3      | Found a sacrificial altar of Ru.
  2990 | D:3      | Reached XP level 6. HP: 29/55 MP: 10/10
  3653 | D:4      | Found an opulent altar of Gozag.
  3847 | D:4      | Reached skill level 3 in Fighting
  4034 | D:4      | Reached XP level 7. HP: 34/62 MP: 12/12
  4750 | D:5      | Entered Level 5 of the Dungeon
  4945 | D:5      | Reached skill level 4 in Fighting
  5264 | D:5      | Found a shimmering altar of Xom.
  5271 | D:5      | Reached XP level 8. HP: 69/72 MP: 14/14
  5332 | D:5      | Learned a level 3 spell: Ozocubu's Armour
  5336 | D:5      | Learned a level 3 spell: Frozen Ramparts
  5339 | D:5      | Learned a level 2 spell: Blink
  5632 | D:5      | Reached ** piety under Okawaru
  5634 | D:5      | Reached skill level 5 in Spellcasting
  5746 | D:5      | Reached skill level 5 in Fighting
  6150 | D:6      | Found a staircase to the Ecumenical Temple.
  6305 | D:6      | Reached skill level 6 in Fighting
  6467 | D:6      | Reached XP level 9. HP: 82/82 MP: 18/18
  7798 | D:7      | Reached *** piety under Okawaru
  7856 | D:7      | Found a shimmering blue altar of Sif Muna.
  7879 | D:7      | Reached skill level 7 in Fighting
  8260 | D:7      | Found a bloodstained altar of Trog.
  8328 | D:7      | Reached skill level 1 in Armour
  8923 | D:8      | Reached **** piety under Okawaru
  9041 | D:8      | Found a hazy altar of Hepliaklqana.
  9041 | D:8      | Found a glowing golden altar of the Shining One.
  9054 | D:8      | Found Xisinef's Antique Weapon Shoppe.
  9094 | D:8      | Reached skill level 8 in Fighting
  9331 | D:8      | Noticed Jeremiah
  9351 | D:8      | Killed Jeremiah
  9352 | D:8      | Reached XP level 10. HP: 18/96 MP: 15/20
  9704 | D:8      | Found a hide-covered altar of Uskayaw.
  9887 | D:8      | Found a sparkling altar of Nemelex Xobeh.
  9887 | D:8      | Found a transporter.
  9888 | D:8      | Noticed an entropy weaver
 10018 | D:8      | Noticed a harpy
 10026 | D:8      | a harpy changed into a komodo dragon
 10147 | D:9      | Found a flagged portal.
 10437 | D:9      | Found a runed translucent door.
 10437 | D:9      | Noticed lordive's ghost (journeyman OpSh)
 10458 | D:9      | Identified a scroll of acquirement
 10459 | D:9      | Acquired 959 gold pieces
 10483 | D:9      | Reached skill level 9 in Fighting
 10854 | D:9      | Found an iron altar of Okawaru.
 11116 | D:9      | Reached ***** piety under Okawaru
 11290 | D:9      | Reached skill level 5 in Dodging
 11735 | D:10     | Entered Level 10 of the Dungeon
 11782 | D:10     | Reached skill level 5 in Armour
 11787 | D:10     | Reached XP level 11. HP: 18/108 MP: 8/21
 11792 | D:10     | Received a gift from Okawaru
 11818 | D:10     | Reached skill level 10 in Fighting
 11927 | D:10     | Noticed a two-headed ogre
 11939 | D:10     | Slain by a two-headed ogre

Illustrated notes

Levels and vault maps discovered:
D:1:      tarquinn_simple_flora_water_b, layout_loops_corners,
          dilly_ecumenical_altar_fadedgnrine
D:2:      layout_loops_ring, uniq_crazy_yiuf_cottage
D:3:      wander_river, layout_basic, mainiacjoe_overflow_large_starburst,
          st_stairs_8
D:4:      layout_rooms, grunt_gozag_statues
D:5:      minmay_diamond_boxcup, layout_rooms, xom_butterflies
D:6:      layout_loops_ring, temple_fountains
D:7:      layout_basic, mainiacjoe_overflow_brackets, lemuel_tele_altar,
          serial_rivers, chequers_serial_rivers_small_a,
          chequers_serial_rivers_room_a, chequers_serial_rivers_micro_c,
          chequers_serial_rivers_marsh, kennysheep_big_empty_room
D:8:      layout_cave_pools, mainiacjoe_overflow_cross_hatched,
          grunt_nemelex_the_gamble, gammafunk_temple_overflow_wave,
          serial_shops, nicolae_shop_statue_plus, uniq_jeremiah
D:9:      layout_loops_ring, mainiacjoe_overflow_boulevard,
          gammafunk_ghost_grave, enter_bailey_5
D:10:     nzn_winding_woodlands_cross [nzn_winding_woodlands_5x15_crooked,
          nzn_winding_woodlands_5x15_pockets, nzn_winding_woodlands_5x15_cabin,
          nzn_winding_woodlands_5x15_sidewinder,
          nzn_winding_woodlands_15x15_boxy_spiral], layout_rooms, demons_altar,
          enter_trove_2, grunt_ministairs_2, kb_rosetta

Skill      XL: |  1  2  3  4  5  6  7  8  9 10 11 |
---------------+----------------------------------+-----
Fighting       | 1 2 3 4 6 8 9 10 | 10.0
Ice Magic      | 5 6 7 |  7.5
Spellcasting   | 3 4 6 7 |  7.0
Dodging        | 3 5 |  5.8
Armour         | 3 5 |  5.5
Stealth        | |  3.0

Action                     |  1- 3 |  4- 6 |  7- 9 | 10-12 || total
---------------------------+-------+-------+-------+-------++-------
  Melee: Unarmed           |   142 |    43 |       |       ||   185
         Punch             |     2 |     1 |       |       ||     3
         Quarterstaff      |       |   119 |   260 |   155 ||   534
   Cast: Freeze            |    25 |    12 |       |       ||    37
         Frozen Ramparts   |       |       |    17 |    19 ||    36
         Ozocubu's Armour  |       |       |    14 |     8 ||    22
 Invoke: Heroism           |       |     2 |     5 |     3 ||    10
         Finesse           |       |       |     1 |       ||     1
Ability: Spit Poison       |     6 |     3 |     3 |     2 ||    14
  Evoke: Wand              |       |       |     1 |     5 ||     6
         Phial of floods   |       |       |       |     1 ||     1
    Use: Potion            |     4 |     5 |     4 |       ||    13
         Scroll            |     2 |     6 |     4 |     3 ||    15
   Stab: Sleeping          |    10 |     2 |     3 |     1 ||    16
         Confused          |       |       |     1 |       ||     1
         Held in net/web   |       |       |       |     1 ||     1
 Armour: Robe              |   132 |   129 |   260 |   163 ||   684
         Skin              |     7 |    49 |       |       ||    56
  Dodge: Dodged            |    88 |   124 |   350 |   158 ||   720
